 Dungeon Crawl Stone Soup version 0.30-a0-782-ge64f9170bb (webtiles) character file.

Game seed: 6260853697793574208

2 mopl the Ducker (level 1, 0/22 HPs)
             Began as an Ogre Gladiator on Mar 17, 2023.
             Slain by a jackal (1 damage)
             ... on level 1 of the Dungeon.
             The game lasted 00:00:23 (54 turns).

mopl the Ducker (Ogre Gladiator)                      Turns: 54, Time: 00:00:23

Health: 0/22       AC:  3    Str: 17    XL:     1   Next: 40%
Magic:  1/1        EV: 10    Int:  9    God:
Gold:   0          SH:  0    Dex: 10    Spells: 0/0 levels left

rFire   . . .      SeeInvis .    a - +0 flail
rCold   . . .      Faith    .    (no shield)
rNeg    . . .      Spirit   .    b - +0 robe
rPois   .          Reflect  .    c - +0 hat
rElec   .          Harm     .    (no cloak)
rCorr   .          Rampage  .    (gloves unavailable)
Will    .....                    (boots unavailable)
Stlth   +                        (no amulet)
HPRegen 0.23/turn                (no ring)
MPRegen 0.07/turn                (no ring)

@: no status effects
A: large, unfitting armour, tough skin 1
a: no special abilities


You were on level 1 of the Dungeon.
You visited 1 branch of the dungeon, and saw 1 of its levels.

Inventory:

Hand Weapons
 a - a +0 flail (weapon)
Missiles
 d - 3 throwing nets (quivered)
 e - a large rock
Armour
 b - a +0 robe (worn)
 c - a +0 hat (worn)


   Skills:
 + Level 2.7 Fighting
 * Level 2.7 Maces & Flails
 + Level 2.0 Throwing
 + Level 0.0 Armour
 + Level 2.7 Dodging


You couldn't memorise any spells.
You didn't know any spells.
Your spell library was empty.

Dungeon Overview and Level Annotations

Branches:
Dungeon (1/15)

Altars:


Innate Abilities, Weirdness & Mutations

You are too large for most types of armour.
You have tough skin. (AC +1)


Message History

The bat hits you but does no damage. The jackal barely misses you.
The jackal closely misses you.
The jackal bites you but does no damage.
The bat barely misses you.
You hit the jackal but do no damage.
The jackal is moderately wounded.
The bat hits you.
* * * LOW HITPOINT WARNING * * *
The jackal bites you.
* * * LOW HITPOINT WARNING * * *
The bat hits you.
* * * LOW HITPOINT WARNING * * *
The jackal bites you but does no damage.
The jackal closely misses you. The bat barely misses you.
The jackal pauses to sniff the ground.
The jackal bites you but does no damage.
You barely miss the jackal.
The jackal is moderately wounded.
The bat hits you but does no damage.
The jackal bites you but does no damage.
The bat barely misses you. The jackal barely misses you.
The jackal closely misses you. The jackal barely misses you.
You hit the jackal.
The jackal is heavily wounded.
The bat hits you but does no damage. x2
The jackal bites you but does no damage.
The jackal bites you.
* * * LOW HITPOINT WARNING * * *
The bat barely misses you.
The jackal bites you but does no damage. x2
You closely miss the jackal.
The jackal is heavily wounded.
The bat barely misses you. The jackal barely misses you.
The bat hits you but does no damage. The jackal barely misses you.
You barely miss the jackal.
The jackal is heavily wounded.
The bat hits you.
* * * LOW HITPOINT WARNING * * *
The jackal barely misses you. The jackal bites you.
You die...

#>.♣≈≈≈#..'........
##♣≈≈≈##.##........
#####.......##..
#..........# .
#..........#
#............
#####............
##..b#............
#...@h..........
#...h#.....####.
#....#.....#
#.........##
###.........
#..........
####.#..... .#.....


You could see 2 jackals and a bat.

Vanquished Creatures
  2 jackals (D:1)
2 creatures vanquished.

Notes
Turn   | Place    | Note
-------+----------+-------------------------------------------
     0 | D:1      | mopl the Ogre Gladiator began the quest for the Orb.
     0 | D:1      | Reached XP level 1. HP: 22/22 MP: 1/1
    54 | D:1      | HP: 1/22 [bat (1)]
    54 | D:1      | Slain by a jackal

Illustrated notes

Levels and vault maps discovered:
D:1:      saegor_arrival_simple_d, layout_basic, minmay_tetromino_o4

Action                     || total
---------------------------++-------
  Melee: Flail             ||    20
 Armour: Robe              ||    39
  Dodge: Dodged            ||    39

Table legend: (Time is in decaauts)
 A = Elapsed time spent in this place.
 B = Non-inter-level travel time spent in this place.
 C = Inter-level travel time spent in this place.
 D = Time resting spent in this place.
 E = Time spent auto-exploring this place.
 F = Levels seen in this place.
 G = Mean time per level.
                   A        B        C        D        E       F      G
               +--------+--------+--------+--------+--------+-----+--------+
         Total |     58 |     58 |      0 |      0 |     27 |   1 |   58.0 |
       Dungeon |     58 |     58 |      0 |      0 |     27 |   1 |   58.0 |
               +--------+--------+--------+--------+--------+-----+--------+

Top non-repeatable levels by time:
     D:1: 58 daAuts
